 Dungeon Crawl Stone Soup version 0.29-a0-620-g13ace881f2 (webtiles) character file.

Game seed: 7346609953393221872

3597 dolemite99 the Basher (level 9, -9/70 HPs)
             Began as a Black Draconian Cinder Acolyte on June 19, 2022.
             Was an Initiate of Ignis.
             Mangled by a five-headed hydra (10 damage)
             ... on level 8 of the Dungeon.
             The game lasted 00:12:03 (10713 turns).

dolemite99 the Basher (DrCA)                       Turns: 10713, Time: 00:12:04

Health: -9/70      AC:  9    Str: 20    XL:     9   Next: 85%
Magic:  6/10       EV: 10    Int: 16    God:    Ignis [......]
Gold:   43         SH:  6    Dex:  6    Spells: 7/10 levels left

rFire   + . .      SeeInvis +   a - +3 whip (elec)
rCold   . . .      Faith    .   d - +2 buckler of Duty {rPois}
rNeg    . . .      Spirit   .   (body armour unavailable)
rPois   +          Reflect  .   (helmet restricted)
rElec   +          Harm     .   v - scarf {repulsion}
rCorr   .          Rampage  .   (no gloves)
Will    .....                   x - +1 pair of boots
Stlth   +.........              (no amulet)
HPRegen 0.21/turn               w - ring of see invisible
MPRegen 0.12/turn               (no ring)

@: repel missiles
A: breathe lightning, AC +7, unfitting armour, electricity resistance,
cold-blooded
a: Breathe Lightning, Renounce Religion


You were on level 8 of the Dungeon.
You worshipped Ignis.
Ignis was noncommittal.
You visited 2 branches of the dungeon, and saw 9 of its levels.

You collected 238 gold pieces.
You spent 195 gold pieces at shops.

Inventory:

Hand Weapons
 a - a +3 whip of electrocution (weapon)
 b - a +1 flail of holy wrath
Missiles
 c - 14 poisoned darts (quivered)
 q - 9 boomerangs
 u - a throwing net
Armour
 d - the +2 buckler of Duty (worn) {rPois}
   (You acquired it on level 2 of the Dungeon)

   rPois:     It protects you from poison.
 v - a scarf of repulsion (worn)
 x - a +1 pair of boots (worn)
Magical Staves
 j - a staff of fire
Jewellery
 w - a ring of see invisible (left hand)
Wands
 i - a wand of digging (7)
Scrolls
 g - a scroll of fog
 o - 3 scrolls of teleportation
 p - a scroll of vulnerability
Potions
 e - 2 potions of heal wounds
 f - a potion of might {unknown}
 h - a potion of flight
 m - a potion of invisibility {unknown}
 n - 5 potions of curing
 r - a potion of brilliance {unknown}
 s - a potion of berserk rage {unknown}
 t - a potion of attraction {unknown}


   Skills:
 - Level 3.3 Fighting
 - Level 3.0 Long Blades
 - Level 12.0 Maces & Flails
 - Level 4.1 Shields
 - Level 1.0 Spellcasting
 + Level 6.6 Fire Magic


You had 7 spell levels left.
You knew the following spells:

 Your Spells              Type           Power      Damage    Failure   Level
a - Scorch                Fire           42%        2d7       3%          2
b - Foxfire               Conj/Fire      44%        2x1d6     8%          1

Your spell library contained the following spells:

 Spells                   Type           Power      Damage    Failure   Level
 Conjure Flame            Conj/Fire      11%        6-21      22%         3
 Inner Flame              Hex/Fire       11%        N/A       22%         3
 Ignite Poison            Fire/Tmut/Pois 7%         N/A       34%         3
 Flame Wave               Conj/Fire      11%        2d5       58%         4
 Mephitic Cloud           Conj/Pois/Air  0%         N/A       65%         3
 Fireball                 Conj/Fire      5%         3d5       91%         5
 Freezing Cloud           Conj/Ice/Air   0%         6-21      100%        5
 Starburst                Conj/Fire      5%         6d4       100%        6
 Ignition                 Fire           10%        3d5       100%        8


Dungeon Overview and Level Annotations

Branches:
Dungeon (8/15)             Temple (1/1) D:6
   Lair: D:8-11

Altars:
Ashenzari
Cheibriados
Dithmenos
Elyvilon
Gozag
Hepliaklqana
Kikubaaqudgha
Makhleb
Nemelex Xobeh
Qazlal
Ru
Vehumet
Wu Jian
Xom
Yredelemnul
The Shining One

Shops:
D:4 (   D:6 =   D:8 :

Annotations:
D:4 1 runed translucent door, Myro's ghost, amateur VSFi


Innate Abilities, Weirdness & Mutations

You can breathe wild blasts of lightning.
Your glossy black scales are hard. (AC +7)
You cannot fit into any form of body armour.
You are resistant to electric shocks. (rElec)
You are cold-blooded and may be slowed by cold attacks.


Message History

You hit the five-headed hydra.
The five-headed hydra is lightly wounded.
You whack the five-headed hydra!
Lightning courses through the five-headed hydra!
The five-headed hydra is heavily wounded.
You block the five-headed hydra's attack.
The five-headed hydra barely misses you.
The five-headed hydra bites you but does no damage.
The five-headed hydra barely misses you.
The five-headed hydra bites you.
You hit the five-headed hydra.
The five-headed hydra is heavily wounded.
You hit the five-headed hydra.
Your tail-slap misses the five-headed hydra.
The five-headed hydra is severely wounded.
The five-headed hydra misses you. The five-headed hydra bites you.
The five-headed hydra bites you but does no damage.
The five-headed hydra bites you. x2
You hit the five-headed hydra. You tail-slap the five-headed hydra.
The five-headed hydra is severely wounded.
Casting: Scorch (safe; 3% risk of failure)
Confirm with . or Enter, or press ? or * to list all spells.
Flames lash the five-headed hydra.
The five-headed hydra is burned terribly!
The five-headed hydra is severely wounded.
The five-headed hydra bites you! The five-headed hydra bites you.
* * * LOW HITPOINT WARNING * * *
The five-headed hydra barely misses you.
The five-headed hydra bites you.
* * * LOW HITPOINT WARNING * * *
The five-headed hydra bites you but does no damage.
You have got your breath back.
The five-headed hydra bites you!
* * * LOW HITPOINT WARNING * * *
The five-headed hydra barely misses you.
The five-headed hydra bites you but does no damage.
The five-headed hydra bites you!
* * * LOW HITPOINT WARNING * * *
The five-headed hydra bites you!
You die...

## .D# #.. ## ##.######
.# #..##..### #.#
#........## #.#
#.........# #
#####.#####........# ##.
#.........#.#...##.# ...
#.........#..#...#.. #.D
#.........#..#...##.
#..##.D@......#..###....
#..'........÷'........#
#..##.........#....#....
#.. #.........#....##[<.
... #.........#..#......
##. #.........#..##....#
# #####.#####.###...##
#.# #.......## #.#
#..#.....##


You could see a five-headed hydra (combustible).

Vanquished Creatures
  A two-headed ogre (D:8)
  Maggie (D:7)
  A wraith (D:8)
  2 steam dragons
  An ice beast (D:6)
  3 orc warriors
  2 sky beasts (D:7)
  4 black bears
  An ogre (D:5)
  2 phantoms
  A kobold brigand (D:8)
  Blork the orc (D:4)
  2 bullfrogs (D:8)
  A necrophage (D:5)
  A scorpion (D:6)
  A jelly (D:5)
  A centaur zombie (D:8)
  A gnoll shaman (D:7)
  6 hounds
  2 scorpion zombies (D:4)
  An iguana (D:7)
  4 orc wizards
  A killer bee zombie (D:8)
  A hound zombie (D:4)
  A hound skeleton (D:5)
  Robin (D:3)
  9 adders
  5 gnolls
  2 shadow imps
  A white imp (D:7)
  An adder zombie (D:4)
  4 worms
  2 dart slugs
  26 orcs
  A bat (D:3)
  8 endoplasms
  3 giant cockroaches
  7 goblins
  7 hobgoblins
  6 jackals
  5 quokkas
  8 ball pythons
  9 frilled lizards
  A jackal zombie (D:4)
  8 kobolds
  3 rats
160 creatures vanquished.

Vanquished Creatures (others)
  88 foxfires
  2 plants (D:8)
  4 withered plants (D:8)
94 creatures vanquished.

Grand Total: 254 creatures vanquished

Notes
Turn   | Place    | Note
-------+----------+-------------------------------------------
     0 | D:1      | dolemite99 the Draconian Cinder Acolyte began the quest for
                  | the Orb.
     0 | D:1      | Reached XP level 1. HP: 19/19 MP: 2/2
   123 | D:1      | Reached skill level 1 in Maces & Flails
   243 | D:1      | Reached XP level 2. HP: 26/26 MP: 3/3
   278 | D:1      | Found a faded altar of an unknown god.
   376 | D:1      | Reached skill level 2 in Maces & Flails
   942 | D:2      | Reached XP level 3. HP: 25/31 MP: 4/4
  1312 | D:2      | Reached skill level 3 in Maces & Flails
  1613 | D:2      | Reached XP level 4. HP: 13/38 MP: 5/5
  2063 | D:2      | Identified a scroll of acquirement
  2063 | D:2      | Acquired the +2 buckler of Duty {rPois}
  2399 | D:3      | Reached skill level 1 in Shields
  2439 | D:3      | Noticed Robin
  2447 | D:3      | Killed Robin
  2786 | D:3      | Acquired a staff of fire
  3233 | D:3      | Reached XP level 5. HP: 37/45 MP: 6/6
  3524 | D:4      | Found an ornate altar of the Wu Jian Council.
  3538 | D:4      | Noticed a black bear
  3546 | D:4      | Killed a black bear
  3699 | D:4      | Noticed Blork the orc
  3711 | D:4      | Killed Blork the orc
  3712 | D:4      | Reached skill level 4 in Maces & Flails
  3712 | D:4      | Reached XP level 6. HP: 42/51 MP: 7/7
  4293 | D:4      | Found a runed translucent door.
  4295 | D:4      | Noticed Myro's ghost (amateur VSFi)
  4295 | D:4      | Found the +4 robe of Folly {Brilliance Will-∞ Int+8}
  4394 | D:4      | Found a basalt altar of Yredelemnul.
  4489 | D:4      | Reached skill level 5 in Maces & Flails
  4768 | D:4      | Found Gumy's Weapon Shop.
  4966 | D:5      | Entered Level 5 of the Dungeon
  5722 | D:5      | Your scales start taking on a glossy black colour.
  5722 | D:5      | Reached XP level 7. HP: 56/57 MP: 8/8
  5722 | D:5      | Gained mutation: You are resistant to electric shocks.
                  | (rElec) [Black Draconian growth]
  5788 | D:5      | Found a burning altar of Makhleb.
  5802 | D:5      | Reached skill level 6 in Maces & Flails
  5976 | D:5      | Found a sparkling altar of Nemelex Xobeh.
  6111 | D:6      | Reached skill level 7 in Maces & Flails
  6541 | D:6      | Found a staircase to the Ecumenical Temple.
  6566 | Temple   | Entered the Ecumenical Temple
  7222 | D:6      | Found Ynnaghoz's Jewellery Shoppe.
  7231 | D:6      | Reached skill level 8 in Maces & Flails
  7231 | D:6      | Reached XP level 8. HP: 62/63 MP: 9/9
  7232 | D:6      | Bought a ring of see invisible for 195 gold pieces
  7556 | D:7      | Reached skill level 9 in Maces & Flails
  7601 | D:7      | Found a glowing golden altar of the Shining One.
  7650 | D:7      | Noticed Maggie
  7681 | D:7      | Killed Maggie
  7698 | D:7      | Reached skill level 10 in Maces & Flails
  8990 | D:7      | Reached XP level 9. HP: 45/70 MP: 10/10
  9251 | D:7      | Reached skill level 11 in Maces & Flails
  9545 | D:8      | Found a snail-covered altar of Cheibriados.
  9545 | D:8      | Found Epsiet's Book Shop.
  9642 | D:8      | Found a shimmering altar of Xom.
  9642 | D:8      | Found a shimmering altar of Xom.
 10145 | D:8      | Found a shimmering altar of Xom.
 10145 | D:8      | Found a shimmering altar of Xom.
 10156 | D:8      | Noticed a two-headed ogre
 10158 | D:8      | Reached skill level 12 in Maces & Flails
 10184 | D:7      | Learned a level 2 spell: Scorch
 10186 | D:7      | Learned a level 1 spell: Foxfire
 10320 | D:8      | Killed a two-headed ogre
 10321 | D:8      | Reached skill level 5 in Fire Magic
 10626 | D:8      | Found a shimmering altar of Xom.
 10699 | D:8      | Noticed a five-headed hydra
 10713 | D:8      | HP: 1/70 [five-headed hydra (9)]
 10713 | D:8      | Mangled by a five-headed hydra

Illustrated notes

Levels and vault maps discovered:
D:1:      psy_arrival_terrarium, layout_loops_cross,
          hellmonk_ecumenical_altar_crossroads, minmay_lizard_pond
D:2:      layout_basic, hex_tiny
D:3:      layout_loops_ring, minmay_fractal_squares_5, uniq_robin
D:4:      layout_loops_corners, mainiacjoe_overflow_paths,
          nicolae_yredelemnul_corpse_copse, serial_shops, shop,
          ebering_ghost_inner_flame, uniq_blork_the_orc
D:5:      layout_basic, makhleb_blood_cavern_becter, kennysheep_mini_moat
D:6:      layout_loops_ring, minmay_temple_entry_water_ring, serial_shops, shop
D:7:      layout_loops_ring, mainiacjoe_overflow_cross_hatched, uniq_maggie
D:8:      minmay_the_grid_plus_closed [minmay_the_grid_outer_circle,
          minmay_the_grid_dragon_a, minmay_the_grid_x, minmay_the_grid_empty,
          minmay_the_grid_prize_four_corners_diamond_a], layout_cave_pools,
          xom_shifter_show, kennysheep_slug_shrine,
          gammafunk_temple_overflow_forgotten, serial_undead, serial_undead_f,
          serial_undead_f, serial_undead_e, serial_undead_e, serial_shops, shop
Temple:   compressed_dpeg_triangle_lava_temple

Skill      XL: |  1  2  3  4  5  6  7  8  9 |
---------------+----------------------------+-----
Maces & Flails | 1 2 3 4 5 8 10 12 | 12.0
Shields        | 2 4 |  4.1
Fire Magic     | 6 |  6.6
Fighting       | |  3.3
Long Blades    | |  3.0
Spellcasting   | |  1.0

Action                   |  1- 3 |  4- 6 |  7- 9 || total
-------------------------+-------+-------+-------++-------
Melee: Whip              |   105 |   202 |   337 ||   644
       Tailslap          |     3 |    21 |    33 ||    57
       Falchion          |     1 |       |       ||     1
Throw: Boomerang         |       |     1 |    43 ||    44
       Dart              |       |       |     4 ||     4
 Cast: Scorch            |       |       |     2 ||     2
Invok: Foxfire Swarm     |       |       |     8 ||     8
       Rising Flame      |       |       |     1 ||     1
       Fiery Armour      |       |       |     1 ||     1
 Abil: Breathe Lightning |       |       |     6 ||     6
  Use: Potion            |     1 |     1 |     5 ||     7
       Scroll            |       |    14 |     5 ||    19
Armor: Skin              |    40 |    59 |    81 ||   180
Dodge: Dodged            |    62 |    71 |   107 ||   240
       Repelled          |       |       |     2 ||     2
Block: Buckler           |       |    53 |    79 ||   132

Table legend: (Time is in decaauts)
 A = Elapsed time spent in this place.
 B = Non-inter-level travel time spent in this place.
 C = Inter-level travel time spent in this place.
 D = Time resting spent in this place.
 E = Time spent auto-exploring this place.
 F = Levels seen in this place.
 G = Mean time per level.
                   A        B        C        D        E       F      G
               +--------+--------+--------+--------+--------+-----+--------+
         Total |  10566 |  10321 |    245 |   2802 |   5905 |   9 | 1174.0 |
       Dungeon |  10153 |   9918 |    235 |   2802 |   5537 |   8 | 1269.1 |
        Temple |    413 |    403 |     10 |      0 |    368 |   1 |  413.0 |
               +--------+--------+--------+--------+--------+-----+--------+

Top non-repeatable levels by time:
     D:7: 2006 daAuts
     D:4: 1447 daAuts
     D:2: 1346 daAuts
     D:6: 1273 daAuts
     D:3: 1240 daAuts
     D:5: 1119 daAuts
     D:1: 918 daAuts
     D:8: 802 daAuts
  Temple: 413 daAuts
